 Dungeon Crawl Stone Soup version 0.17.1-1-g73c8601 (console) character file.

13971 Kloppie the Carver (level 11, 0/105 HPs)
             Began as a Minotaur Fighter on Dec 18, 2015.
             Was an Elder of the Shining One.
             Engulfed by a cloud of freezing vapour (5 damage)
             ... on level 11 of the Dungeon.
             The game lasted 00:19:52 (9181 turns).

Kloppie the Carver (Minotaur Fighter)               Turns: 9181, Time: 00:19:52

Health: 0/105      AC: 21    Str: 32    XL:     11   Next: 82%
Magic:  10/10      EV:  6    Int:  5    God:    the Shining One [****..]
Gold:   678        SH: 10    Dex: 10    Spells: 0 memorised, 10 levels left

rFire  . . .     SeeInvis .     a - +1 long sword
rCold  . . .     Clarity  .     C - +3 plate armour
rNeg   + + .     SustAt   .     c - +0 shield
rPois  .         Gourm    .     (helmet restricted)
rElec  +         Spirit   .     h - +1 cloak {MR+}
rCorr  .         Warding  .     (no gloves)
rMut   .         Stasis   .     (no boots)
MR     +....                    (no amulet)
Stlth  ..........               A - ring of flight
                                g - ring "Uwouberu" {+Inv rElec Str+3}

@: mighty, glowing, somewhat resistant to hostile enchantments, extremely
unstealthy
A: retaliatory headbutt, horns 2
a: Divine Shield, Cleansing Flame, Renounce Religion, Evoke Invisibility, Evoke
Flight


You were on level 11 of the Dungeon.
You worshipped the Shining One.
The Shining One was greatly pleased with you.
You were not hungry.

You visited 2 branches of the dungeon, and saw 12 of its levels.

You collected 678 gold pieces.

Inventory:

Hand Weapons
 a - a +1 long sword (weapon)
Armour
 c - a +0 shield (worn)
 h - a +1 cloak of magic resistance (worn)
 C - a +3 plate armour (worn)
Rods
 S - a +0 rod of inaccuracy (14/14)
   (You found it on level 11 of the Dungeon)
Jewellery
 g - the ring "Uwouberu" (left hand) {+Inv rElec Str+3}
   (You found it on level 9 of the Dungeon)

   [ring of invisibility]

   It affects your strength (+3).
   It insulates you from electricity.
   It lets you turn invisible.
 u - an uncursed ring of ice
 A - a ring of flight (right hand)
 E - an uncursed ring of teleportation
 R - an uncursed amulet of regeneration {unknown}
 T - an uncursed ring of magical power {unknown}
Wands
 v - a wand of disintegration (14)
 w - a wand of slowing (25)
 y - a wand of slowing (43)
 B - a wand of paralysis (12)
 O - a wand of frost (14)
 P - a wand of polymorph (7)
Scrolls
 j - 3 scrolls of identify
 k - 3 scrolls of enchant armour
 m - a scroll of enchant weapon
 p - 4 scrolls of teleportation
 q - 2 scrolls of amnesia
 s - 2 scrolls of remove curse
 x - a scroll of recharging
 H - a scroll of fear
 J - a scroll of fog
 N - 2 scrolls of brand weapon {unknown}
Potions
 b - a potion of heal wounds
 d - 3 potions of might
 f - 2 potions of magic
 i - 5 potions of curing
 n - 4 potions of agility
 o - 3 potions of lignification
 r - a potion of brilliance
 z - 2 potions of flight
 G - a potion of haste
 I - a potion of mutation {unknown}
 L - a potion of invisibility {unknown}
 M - a potion of resistance {unknown}
Comestibles
 e - 10 bread rations
 l - 3 meat rations
 t - 2 fruits
 D - a beef jerky
 F - 7 slices of pizza
 Q - 11 chunks of flesh


   Skills:
 - Level 12.6 Fighting
 - Level 14.0 Long Blades
 + Level 13.1 Armour
 - Level 3.6 Shields


You had 10 spell levels left.
You didn't know any spells.

Dungeon Overview and Level Annotations

Branches:
Dungeon (11/15)            Temple (1/1) D:4            Lair (0/8) D:9
    Orc (0/4) D:9

Altars:
Ashenzari
Cheibriados
Dithmenos
Elyvilon
Fedhas
Gozag
Kikubaaqudgha
Makhleb
Nemelex Xobeh
Okawaru
Qazlal
Ru
Sif Muna
Trog
Vehumet
Xom
Yredelemnul
Zin
The Shining One
Beogh

Portals:
Ice
Cave: D:11


Innate Abilities, Weirdness & Mutations

You reflexively headbutt those who attack you in melee.
You have a pair of horns on your head.


Message History

The ice beast hits you.
* * * LOW HITPOINT WARNING * * *
The ice beast freezes you!
* * * LOW HITPOINT WARNING * * *
You slash the ice statue!
The ice statue is heavily damaged.
You block the ice beast's attack. The ice statue throws cold at you.
The freezing blast engulfs you!
* * * LOW HITPOINT WARNING * * *
You slash the ice statue!
The ice statue is severely damaged.
You are engulfed in freezing vapours.
* * * LOW HITPOINT WARNING * * *
The ice beast closely misses you.
You slash the ice statue! You headbutt the ice statue!
You destroy the ice statue!
Your Armour skill increases to level 13!
You are engulfed in freezing vapours.
You die...

#....!.....#
######'##### #..#
##.# #.# #.#
######## #.#
#...Y..# #.#
#(..§§§###
#.###.∩Y§@§'.#
#..##...Y§§#.#
##.##.....§#.#
###########.# ##.#
#..# #.##
#######+######.#
###..............#


You could see 3 ice beasts.

Vanquished Creatures
  A centaur warrior (D:10)
  Urug (D:10)
  Pikel (D:9)
  2 hill giants (D:11)
  A cyclops (D:10)
  A manticore (D:11)
  An ice statue (D:11)
  Grinder (D:4)
  2 vampires (D:10)
  A hippogriff (D:10)
  A human (D:7)
  10 yaks
  2 hogs (D:7)
  Grum (D:9)
  A deep elf mage (D:11)
  3 hungry ghosts
  4 wolves (D:9)
  2 ice beasts (D:9)
  8 sky beasts
  2 black bears
  9 orc warriors
  A phantom (D:4)
  2 necrophages
  A slave (D:9)
  3 ogres
  5 centaurs
  2 crocodiles (D:9)
  4 big kobolds
  6 giant frogs
  7 scorpions
  3 wights (D:8)
  2 centaur zombies
  5 jellies
  5 crimson imps
  A giant frog zombie (D:5)
  Crazy Yiuf (D:5)
  Ijyb (D:2)
  A hound (D:8)
  12 orc wizards
  13 orc priests
  4 centaur skeletons
  Terence (D:2)
  A gnoll shaman (D:4)
  2 iguanas (D:7)
  2 sheep (D:7)
  9 worker ants
  A killer bee zombie (D:6)
  2 hound zombies
  A hound skeleton (D:8)
  12 adders
  14 gnolls
  A shadow imp (D:7)
  An adder zombie (D:5)
  3 adder skeletons
  5 giant geckos
  57 orcs
  4 bats
  5 giant cockroaches
  5 goblins
  5 hobgoblins
  14 jackals
  22 kobolds
  2 quokkas
  A ball python (D:1)
  A giant gecko zombie (D:5)
  5 giant newts
  10 rats
  A fungus (D:9)
321 creatures vanquished.

Vanquished Creatures (others)
  2 slaves (D:9)
  A quokka (D:9)
  4 fungi (D:9)
7 creatures vanquished.

Grand Total: 328 creatures vanquished

Notes
Turn   | Place    | Note
--------------------------------------------------------------
     0 | D:1      | Kloppie the Minotaur Fighter began the quest for the Orb.
     0 | D:1      | Reached XP level 1. HP: 19/19 MP: 0/0
    60 | D:1      | Reached skill level 4 in Fighting
    60 | D:1      | Reached XP level 2. HP: 25/27 MP: 1/1
   567 | D:2      | Reached XP level 3. HP: 23/34 MP: 2/2
   619 | D:2      | Noticed Terence
   626 | D:2      | Killed Terence
   698 | D:2      | Noticed Ijyb
   708 | D:2      | Killed Ijyb
   708 | D:2      | Reached skill level 5 in Fighting
   708 | D:2      | Reached XP level 4. HP: 29/42 MP: 3/3
   874 | D:2      | Found a shattered altar of Ashenzari.
  1245 | D:3      | Reached XP level 5. HP: 48/48 MP: 4/4
  1412 | D:3      | Reached skill level 5 in Long Blades
  1498 | D:3      | Reached skill level 6 in Fighting
  1511 | D:3      | Reached XP level 6. HP: 17/57 MP: 5/5
  1799 | D:4      | Found a staircase to the Ecumenical Temple.
  1828 | Temple   | Entered the Ecumenical Temple
  1894 | Temple   | Became a worshipper of the Shining One
  1982 | D:4      | Found a deep blue altar of Sif Muna.
  2033 | D:4      | Noticed Grinder
  2050 | D:4      | Killed Grinder
  2050 | D:4      | Reached skill level 7 in Fighting
  2050 | D:4      | Reached XP level 7. HP: 51/66 MP: 6/6
  2057 | D:4      | Found a bloodstained altar of Trog.
  2186 | D:4      | Reached skill level 8 in Fighting
  2397 | D:5      | Entered Level 5 of the Dungeon
  2655 | D:5      | Reached XP level 8. HP: 23/75 MP: 7/7
  2977 | D:5      | Noticed Crazy Yiuf
  2983 | D:5      | Killed Crazy Yiuf
  3051 | D:5      | Reached * piety under the Shining One
  3147 | D:5      | Found an opulent altar of Gozag.
  3202 | D:5      | Reached skill level 9 in Fighting
  4242 | D:7      | Reached skill level 10 in Fighting
  4297 | D:7      | Found a burning altar of Makhleb.
  4298 | D:7      | Found a shadowy altar of Dithmenos.
  4300 | D:7      | Found a blossoming altar of Fedhas.
  4306 | D:7      | Reached skill level 10 in Long Blades
  4387 | D:7      | Reached XP level 9. HP: 74/86 MP: 8/8
  4530 | D:7      | Reached ** piety under the Shining One
  4602 | D:7      | Reached skill level 11 in Fighting
  5150 | D:8      | Reached skill level 12 in Fighting
  5344 | D:8      | Reached XP level 10. HP: 56/99 MP: 9/9
  5650 | D:8      | Reached *** piety under the Shining One
  5761 | D:8      | Found an iron altar of Okawaru.
  6080 | D:9      | Found a staircase to the Lair.
  6171 | D:9      | Got a transparent copper ring
  6266 | D:9      | Identified the ring "Uwouberu" {+Inv rElec Str+3} (You found it on level 9 of the Dungeon)
  6339 | D:9      | Noticed Pikel
  6351 | D:9      | Killed Pikel
  6351 | D:9      | Reached skill level 13 in Long Blades
  6351 | D:9      | Reached skill level 5 in Armour
  6396 | D:9      | Noticed Grum
  6420 | D:9      | Killed Grum
  6725 | D:9      | Found a roughly hewn altar of Beogh.
  6725 | D:9      | Found a staircase to the Orcish Mines.
  6761 | D:10     | Entered Level 10 of the Dungeon
  7349 | D:10     | Noticed Urug
  7380 | D:10     | Killed Urug
  7380 | D:10     | Reached XP level 11. HP: 55/105 MP: 10/10
  7580 | D:10     | Reached skill level 14 in Long Blades
  7759 | D:10     | Reached **** piety under the Shining One
  7936 | D:10     | Noticed a centaur warrior
  7950 | D:10     | Killed a centaur warrior
  7965 | D:10     | Noticed a cyclops
  7975 | D:10     | Killed a cyclops
  7990 | D:10     | Reached skill level 10 in Armour
  8720 | D:11     | Noticed a hill giant
  8726 | D:11     | Killed a hill giant
  9132 | D:11     | Noticed a hill giant
  9143 | D:11     | Killed a hill giant
  9173 | D:11     | Found a frozen archway.
  9180 | D:11     | HP: 5/105 [ice statue] (13)]
  9181 | D:11     | Engulfed by a cloud of freezing vapour

Action                   |  1- 3 |  4- 6 |  7- 9 | 10-12 || total
-------------------------+-------+-------+-------+-------++-------
Melee: Long sword        |    81 |   137 |   367 |   499 ||  1084
  Use: Potion            |       |     1 |       |     3 ||     4
       Scroll            |       |       |    22 |     4 ||    26
  Eat: Chunk             |       |     3 |    13 |    12 ||    28
       Pizza             |       |       |     2 |       ||     2
       Beef jerky        |       |       |     2 |       ||     2
